 Dungeon Crawl Stone Soup version 0.23.0-3-gf3c87f2df8 (webtiles) character file.

Game seed: 15790733555761824490

56 Kisielow the Insei (level 3, -8/26 HPs)
             Began as a Merfolk Transmuter on Feb 21, 2019.
             Mangled by a gnoll
             ... wielding a +0 spear
              (11 damage)
             ... on level 2 of the Dungeon.
             The game lasted 00:03:09 (1746 turns).

Kisielow the Insei (Merfolk Transmuter)             Turns: 1746, Time: 00:03:10

Health: -8/26      AC:  2    Str: 12    XL:     3   Next: 97%
Magic:  6/6        EV: 13    Int: 13    God:
Gold:   44         SH:  0    Dex: 14    Spells: 5/6 levels left

rFire    x . .     SeeInvis .     - Unarmed
rCold    + . .     Gourm    .   (no shield)
rNeg     . . .     Faith    .   b - +0 robe
rPois    .         Spirit   .   (no helmet)
rElec    .         Reflect  .   (no cloak)
rCorr    .         Harm     .   (no gloves)
MR       .....                  (no boots)
Stlth    +.........             (no amulet)
HPRegen  0.08/turn              c - ring of ice
MPRegen  0.10/turn              (no ring)

@: no status effects
A: change form in water, swift swim, stealthy swim, blurry vision 1, mutation
resistance 1, strong 1
a: no special abilities


You were on level 2 of the Dungeon.
You were not hungry.

You visited 1 branch of the dungeon, and saw 2 of its levels.

You collected 44 gold pieces.

Inventory:

Missiles
 a - 12 arrows
Armour
 b - a +0 robe (worn)
Jewellery
 c - a ring of ice (left hand)
 m - an uncursed ring of protection from cold {unknown}
Scrolls
 e - a scroll of magic mapping {unknown}
 f - 3 scrolls of immolation {unknown}
 g - a scroll of enchant weapon {unknown}
 h - 2 scrolls of fear {unknown}
 i - a scroll of identify {unknown}
Potions
 k - a potion of might
 l - a potion of mutation
Comestibles
 d - 2 rations
 j - a chunk of flesh


   Skills:
 - Level 1.1 Fighting
 - Level 2.6 Dodging
 + Level 5.2 Unarmed Combat
 - Level 2.0 Spellcasting
 - Level 2.6 Transmutations


You had 5 spell levels left.
You knew the following spells:

 Your Spells              Type           Power        Failure   Level  Hunger
a - Beastly Appendage     Tmut           #.....       9%          1    ##.....

Your spell library contained the following spells:

 Spells                   Type           Power        Failure   Level  Hunger
 Sticks to Snakes         Tmut           #.......     13%         2    ###....
 Spider Form              Tmut/Pois      #.........   41%         3    ####...
 Ice Form                 Ice/Tmut       #.......     82%         4    #####..
 Blade Hands              Tmut           #.........   93%         5    ######.


Dungeon Overview and Level Annotations

Branches:
Dungeon (2/15)

Altars:
Dithmenos
Nemelex Xobeh
Okawaru
Ru
Wu Jian
Yredelemnul
The Shining One


Innate Abilities, Weirdness & Mutations

You revert to your normal form in water You are very nimble and swift while swimming.
You are very stealthy in the water. (Stealth+)
Scrolls take you a little longer to read.
You are somewhat resistant to further mutation.
Your muscles are strong. (Str +2)


Message History

The gnoll misses you.
A bat comes into view.
The bat hits you but does no damage. x2
You closely miss the bat. The bat barely misses you. x2
You barely miss the bat. The bat closely misses you. The bat misses you.
The gnoll closely misses you. The bat hits you but does no damage.
You completely miss the bat. The bat hits you but does no damage.
The gnoll hits you from afar with a +0 spear.
You hit the bat.
The bat is severely wounded.
The bat hits you. The bat misses you.
You hit the bat.
You kill the bat!
The gnoll hits you from afar with a +0 spear!
* * * LOW HITPOINT WARNING * * *
A hobgoblin comes into view.
It was a potion of mutation.
You feel extremely strange.
You feel stronger.
Your vision blurs.
You feel genetically stable.
The gnoll hits you from afar with a +0 spear!
You die...

#.#...##.####.#######
#.#...# #g# #....##
#g# ###### #g# #g#
#.# #.# # #g###.#
#..@..# #######


You could see a gnoll.

Vanquished Creatures
  An adder (D:2)
  2 dart slugs
  2 leopard geckos
  3 bats
  2 giant cockroaches (D:2)
  6 goblins
  8 hobgoblins
  5 kobolds
  4 frilled lizards
  5 rats
38 creatures vanquished.

Notes
Turn   | Place    | Note
-------+----------+-------------------------------------------
     0 | D:1      | Kisielow the Merfolk Transmuter began the quest for the
                  | Orb.
     0 | D:1      | Reached XP level 1. HP: 15/15 MP: 3/3
   263 | D:1      | Reached XP level 2. HP: 18/21 MP: 5/5
   304 | D:1      | Reached skill level 4 in Unarmed Combat
   869 | D:1      | Reached XP level 3. HP: 26/26 MP: 6/6
   978 | D:2      | HP: 1/26 [goblin (1)]
  1408 | D:2      | Reached skill level 5 in Unarmed Combat
  1483 | D:2      | Found a basalt altar of Yredelemnul.
  1483 | D:2      | Found a sparkling altar of Nemelex Xobeh.
  1485 | D:2      | Found an iron altar of Okawaru.
  1485 | D:2      | Found a glowing golden altar of the Shining One.
  1486 | D:2      | Found a sacrificial altar of Ru.
  1486 | D:2      | Found an ornate altar of the Wu Jian Council.
  1486 | D:2      | Found a shadowy altar of Dithmenos.
  1746 | D:2      | Gained mutation: Your muscles are strong. (Str +2) [potion
                  | of mutation]
  1746 | D:2      | Gained mutation: Scrolls take you a little longer to read.
                  | [potion of mutation]
  1746 | D:2      | Gained mutation: You are somewhat resistant to further
                  | mutation. [potion of mutation]
  1746 | D:2      | Mangled by a gnoll

Skill      XL: |  1  2  3 |
---------------+----------+-----
Unarmed Combat | 4 5 |  5.2
Fighting       | |  1.1
Dodging        | |  2.6
Spellcasting   | |  2.0
Transmutations | |  2.6

Action                   || total
-------------------------++-------
Melee: Unarmed           ||   132
       Punch             ||     2
  Use: Potion            ||     4
 Stab: Sleeping          ||     3
  Eat: Chunk             ||     3
Armor: Robe              ||    21
Dodge: Dodged            ||    90
